 Dungeon Crawl Stone Soup version 0.32-a0-540-g866d13106e (webtiles) character file.

Game seed: 8780639930921928874

9 zenocrate the Vexing (level 2, 14/14 HPs)
             Began as a Felid Enchanter on Feb 28, 2024.
             Quit the game on level 1 of the Dungeon.
             The game lasted 00:00:39 (210 turns).

zenocrate the Vexing (Felid Enchanter)               Turns: 210, Time: 00:00:39

Health: 14/14      AC:  1    Str:  4    XL:     2   Next: 6%
Magic:  6/6        EV: 17    Int: 18    God:
Gold:   23         SH:  0    Dex: 16    Spells: 5/5 levels left
                                        Lives:  0   Deaths: 1

rFire   . .          .
                       - Unarmed
rCold   . . .        (shield unavailable)
rNeg    . . .        (body armour unavailable)
rPois   .            (helmet unavailable)
rElec   .            (cloak unavailable)
rCorr   .            (gloves unavailable)
SInv    +            (boots unavailable)
Will    .....        (no amulet)
Stlth   +++          (no ring)
HPRegen 0.22/turn    (no ring)
MPRegen 0.10/turn

%: no passive effects
@: no status effects
A: very small, claws 1, fangs 3, see invisible, shaggy fur 1, stealthy paws, no
weapons or thrown items, no armour, multi-lived
a: no special abilities


You were on level 1 of the Dungeon.
You visited 1 branch of the dungeon, and saw 1 of its levels.

You collected 23 gold pieces.

Inventory:

Talismans
 c - a beast talisman
Scrolls
 b - a scroll of silence {unknown}
 d - a scroll of immolation {unknown}
Potions
 a - 2 potions of invisibility


   Skills:
 + Level 0.6 Fighting
 + Level 2.9 Dodging
 * Level 4.2 Stealth
 + Level 1.2 Unarmed Combat
 - Level 2.0 Spellcasting
 + Level 4.5 Hexes
 + Level 0.0 Shapeshifting


You had 5 spell levels left.
You didn't know any spells.
Your spell library contained the following spells:

 Spells                   Type           Power      Damage    Failure   Level
 Confusing Touch          Hex            18%        N/A       9%          3
 Tukima's Dance           Hex            18%        N/A       9%          3
 Ensorcelled Hibernation  Hex/Ice        20%        N/A       11%         2
 Dazzling Flash           Conj/Hex       20%        N/A       22%         3


Dungeon Overview and Level Annotations

Branches:
Dungeon (1/15)

Altars:


Innate Abilities, Weirdness & Mutations

You have sharp claws.
You have razor-sharp teeth.
You have supernaturally acute eyesight. (SInv)
You are covered in fur. (AC +1)
Your paws help you pounce on unaware monsters.
You are incapable of wielding weapons or throwing items.
You cannot wear armour.
You gain extra lives every three experience levels.


Message History

The hobgoblin completely misses you.
You scratch the hobgoblin.
The hobgoblin is heavily wounded.
The hobgoblin completely misses you.
You barely miss the hobgoblin.
The hobgoblin is moderately wounded.
The hobgoblin hits you.
You are too injured to fight recklessly!
Unknown command.
You barely miss the hobgoblin.
The hobgoblin is moderately wounded.
The hobgoblin hits you.
* * * LOW HITPOINT WARNING * * *
Unknown command.
Okay, then.
Okay, then.
You scratch the hobgoblin.
The hobgoblin is heavily wounded.
The hobgoblin completely misses you.
Unknown command.
You scratch the hobgoblin but do no damage.
The hobgoblin is heavily wounded.
The hobgoblin completely misses you.
Unknown command.
You closely miss the hobgoblin. You claw the hobgoblin.
The hobgoblin is severely wounded.
The hobgoblin hits you.
You die...
You rejoin the land of the living...
Found a scale mail.
Unknown command.
A rat comes into view.
Found a dagger.
Found 13 gold pieces.
The rat squeaks loudly.
A rat is nearby!
Found 2 javelins.
A rat is nearby!
The rat misses you.
Are you sure you want to abandon this character and quit the game? (Confirm with "yes".)

#### #..# +..#
#..# #..#
#..###..#
#.[....###
#...###..#
####....@#
...(.....r....#
#..####........#
.. #...).....
+......$..
#.........
##.......#
##.....##


You could see a rat.

Vanquished Creatures
  An endoplasm (D:1)
  A giant cockroach (D:1)
  3 goblins (D:1)
  2 frilled lizards (D:1)
  2 kobolds (D:1)
  A rat (D:1)
10 creatures vanquished.

Notes
Turn   | Place    | Note
-------+----------+-------------------------------------------
     0 | D:1      | zenocrate the Felid Enchanter began the quest for the Orb.
     0 | D:1      | Reached XP level 1. HP: 9/9 MP: 4/4
   168 | D:1      | Reached XP level 2. HP: 11/14 MP: 6/6
   205 | D:1      | Slain by a hobgoblin
   205 | D:1      | Lost a life (0 lives remaining)
   210 | D:1      | Quit the game

Illustrated notes

Levels and vault maps discovered:
D:1:      dpeg_arrival_solitude, layout_loops_corners,
          shapermc_ecumenical_altar_mp_vishouse, minmay_misc_feat_roman,
          chequers_serial_rivers_large_b, minmay_surrounded

Action                     || total
---------------------------++-------
  Melee: Unarmed           ||    27
         Bite              ||     3
         Punch             ||     1
   Stab: Sleeping          ||     4
 Armour: Skin              ||     9
  Dodge: Dodged            ||    10

Table legend: (Time is in decaauts)
 A = Elapsed time spent in this place.
 B = Non-inter-level travel time spent in this place.
 C = Inter-level travel time spent in this place.
 D = Time resting spent in this place.
 E = Time spent auto-exploring this place.
 F = Levels seen in this place.
 G = Mean time per level.
                   A        B        C        D        E       F      G
               +--------+--------+--------+--------+--------+-----+--------+
         Total |    209 |    209 |      0 |      0 |    133 |   1 |  209.0 |
       Dungeon |    209 |    209 |      0 |      0 |    133 |   1 |  209.0 |
               +--------+--------+--------+--------+--------+-----+--------+

Top non-repeatable levels by time:
     D:1: 209 daAuts
